 Dungeon Crawl Stone Soup version 0.22-a0-388-g09e6169 (webtiles) character file.

14675 Kairos the Cleaver (level 12, -6/62 HPs)
             Began as a Vine Stalker Fighter on Apr 29, 2018.
             Was a High Priest of Okawaru.
             Killed from afar by a gargoyle (12 damage)
             ... with a stone arrow
             ... in a volcano.
             The game lasted 00:29:17 (10695 turns).

Kairos the Cleaver (Vine Stalker Fighter)          Turns: 10695, Time: 00:29:18

Health: -6/62      AC: 12    Str: 22    XL:     12   Next: 19%
Magic:  0/24       EV: 19    Int:  8    God:    Okawaru [*****.]
Gold:   690        SH: 13    Dex: 18    Spells: 8/11 levels left

rFire    + + +     SeeInvis .   K - +7 fustibalus "Ecyumealol" {velocity, *Contam rElec rF++ MP+9}
rCold    + . .     Gourm    .   c - +0 shield
rNeg     . . .     Faith    .   H - +0 steam dragon scales
rPois    .         Spirit   +   (helmet restricted)
rElec    +         Reflect  .   N - scarf {repulsion}
rCorr    .         Harm     .   D - +2 pair of gloves
MR       +....                  (no boots)
Stlth    +++++.....             (no amulet)
HPRegen  1.00/turn              J - ring of stealth
MPRegen  0.19/turn              F - ring of protection from cold

@: heroism, finesse, repel missiles
A: antennae 2, fangs 3, hooves 1, thin metallic scales 1, agile 1, fire
resistance 1, regeneration 2, evolution 1, magic shield, antimagic bite, no
potion heal 3, rot immunity
a: Heroism, Finesse, Renounce Religion


You were in a volcano.
You worshipped Okawaru.
Okawaru was extremely pleased with you.
You were not hungry.

You visited 3 branches of the dungeon, and saw 13 of its levels.
You also visited: Volcano.

You collected 770 gold pieces.
You spent 80 gold pieces at shops.

Inventory:

Hand Weapons
 a - a +2 war axe
 i - a +0 hand axe of venom
 K - the +7 fustibalus "Ecyumealol" (weapon) {velocity, *Contam rElec rF++ MP+9}
   (You found it on level 10 of the Dungeon)

   Any stone fired from it inflicts extra damage.
   It greatly protects you from fire.
   It insulates you from electricity.
   It affects your magic capacity (+9).
   It causes magical contamination when unequipped.
Missiles
 l - 15 tomahawks
 L - 54 stones (quivered)
Armour
 b - a +0 scale mail
 c - a +0 shield (worn)
 B - a +0 pair of gloves
 D - a +2 pair of gloves (worn)
 H - +0 steam dragon scales (worn)
 N - a scarf of repulsion (worn)
Jewellery
 h - an uncursed ring of see invisible
 F - a ring of protection from cold (right hand)
 J - a ring of stealth (left hand)
 O - an uncursed ring of stealth
Wands
 m - a wand of enslavement (9)
 n - a wand of acid (4)
 v - a wand of flame (52)
 z - a wand of polymorph (5)
 G - a wand of paralysis (19)
 I - a wand of iceblast (21)
Scrolls
 e - 6 scrolls of remove curse
 g - 2 scrolls of fear {unknown}
 j - 9 scrolls of teleportation {unknown}
 k - 5 scrolls of immolation {unknown}
 q - 2 scrolls of noise {unknown}
 u - a scroll of amnesia {unknown}
 x - a scroll of enchant armour {unknown}
 y - a scroll of magic mapping
 C - 5 scrolls of identify
 P - a scroll of vulnerability {unknown}
Potions
 d - 4 potions of might
 o - a potion of resistance
 p - 3 potions of curing
 r - 2 potions of magic {unknown}
 s - 5 potions of flight {unknown}
 t - 5 potions of brilliance {unknown}
 w - 3 potions of lignification {unknown}
 A - 2 potions of haste
 E - 2 potions of berserk rage {unknown}
Comestibles
 f - 17 rations
 Q - 3 chunks of flesh


   Skills:
 + Level 6.6(11.6) Fighting
 + Level 10.5(15.5) Axes
 + Level 6.8(11.9) Slings
 + Level 1.7(9.6) Throwing
 + Level 5.7(10.7) Armour
 + Level 4.2(9.2) Dodging
 + Level 4.2(9.2) Stealth
 + Level 7.0(12.0) Shields
 + Level 1.0 Invocations
 + Level 3.5 Evocations


You had 8 spell levels left.
You knew the following spells:

 Your Spells              Type           Power        Failure   Level  Hunger
a - Regeneration          Chrm/Necr      #.........   88%         3    ####...


Dungeon Overview and Level Annotations

Branches:
Dungeon (10/15)            Temple (1/1) D:4            Lair (2/6) D:10
 Shoals (0/4) Lair:2       Spider (0/4) Lair:2
    Orc: D:9-12

Altars:
Dithmenos
Fedhas
Gozag
Hepliaklqana
Kikubaaqudgha
Makhleb
Nemelex Xobeh
Okawaru
Qazlal
Ru
Sif Muna
Trog
Uskayaw
Vehumet
Wu Jian
Xom
Zin

Shops:
D:4 !


Innate Abilities, Weirdness & Mutations

You have razor-sharp teeth.
You heal very quickly.
When hurt, damage is shared between your health and your magic reserves.
Your bite disrupts and absorbs the magic of your enemies.
Potions cannot restore your health.
You are immune to rotting.
You have a pair of antennae on your head.
You have large cloven feet.
You are partially covered in thin metallic scales. (AC +2)
You are agile. (Dex +2)
Your flesh is heat resistant. (rF+)
You evolve.


Message History

Press: ? - help, Shift-Dir - straight line, f - salamander mystic, p - gargoyle
Aim: a salamander mystic, wielding a dagger and wearing a robe The bolt of acid hits the gargoyle.
The gargoyle appears unharmed.
The bolt of acid misses the salamander.
The bolt of acid hits the salamander mystic.
The salamander mystic is splashed with acid.
The acid corrodes the salamander mystic!
The salamander mystic is moderately wounded.
In the distance, the volcano erupts with a roar.
The gargoyle hurls a stone arrow at you.
The stone arrow hits you!
* * * LOW HITPOINT WARNING * * *
You open the door. The gargoyle hits you with a flail!
* * * LOW HITPOINT WARNING * * *
The salamander unwields an uncursed shortbow of flaming.
It stops flaming.
You block the salamander's attack.
There is an open door here.
The gargoyle hurls a stone arrow at you.
The stone arrow hits you!
You die...

≈≈≈§≈§≈§≈..#
§§≈§≈≈.S..##
≈≈§§§S....#
≈≈§§§.....#
≈≈........#
.≈..##...##
... #8.8# .
##.## #@#
##'## #N9.#
{ +.NN+ {
#.((# ##'##
#((.# #...#
+(_.+


You could see a salamander mystic, 2 salamanders, a gargoyle and 2 lava snakes.

Vanquished Creatures
  2 two-headed ogres
  The ghost of Curus the Transmogrifier, a novice MfTm of Okawaru (D:7)
  Nergalle (Lair:1)
  A lindwurm (Lair:2)
  Psyche (D:9)
  The ghost of Monsterracer the Chopper, a novice FoBe of Trog (D:3)
  A spiny frog (Lair:1)
  A centaur skeleton (D:10)
  3 komodo dragons (Lair:1)
  A hornet (D:8)
  3 hippogriffs
  3 wyverns
  7 fire bats (Volcano)
  19 yaks
  Menkaure (D:7)
  A steam dragon (D:8)
  2 acid dragons
  A water moccasin (Lair:1)
  2 porcupines (Lair:1)
  An orc warrior (D:9)
  A sky beast (D:10)
  A necrophage (D:6)
  3 ice beasts
  3 ogres
  4 wolves (Lair:1)
  3 centaurs
  3 crocodiles
  8 bullfrogs
  A big kobold (D:9)
  A wyvern zombie (D:9)
  A scorpion (D:6)
  8 wights
  An electric eel (D:7)
  A bullfrog zombie (D:10)
  A lava snake (Volcano)
  4 crimson imps
  A centaur zombie (D:7)
  7 jellies
  6 orc priests
  6 hounds
  5 orc wizards
  3 bullfrog skeletons
  Ijyb (D:5)
  Natasha (twice) (D:2)
  3 iguanas
  12 worker ants
  A worker ant zombie (D:5)
  Robin (D:2)
  2 howler monkey skeletons
  10 adders
  A shadow imp (D:5)
  5 oozes (D:8)
  3 adder zombies
  A worm (D:3)
  2 dart slugs
  4 leopard geckos
  19 orcs
  7 bats
  13 giant cockroaches
  16 goblins
  5 hobgoblins
  13 jackals
  11 kobolds
  4 quokkas
  A ball python (D:1)
  8 frilled lizards
  A quokka zombie (D:5)
  6 rats
277 creatures vanquished.

Notes
Turn   | Place    | Note
-------+----------+-------------------------------------------
     0 | D:1      | Kairos the Vine Stalker Fighter began the quest for the Orb.
     0 | D:1      | Reached XP level 1. HP: 11/11 MP: 2/2
    85 | D:1      | Reached XP level 2. HP: 16/16 MP: 3/3
    87 | D:1      | Reached skill level 2 in Axes
   266 | D:1      | Reached XP level 3. HP: 15/19 MP: 2/4
   641 | D:2      | Gained mutation: Your natural rate of healing is unusually fast. [Vine Stalker growth]
   641 | D:2      | Reached XP level 4. HP: 16/23 MP: 3/5
   667 | D:2      | Noticed Natasha
   673 | D:2      | Killed Natasha
   673 | D:2      | Reached skill level 3 in Axes
   679 | D:2      | Gained mutation: You have supernaturally acute eyesight. (SInv) [potion of mutation]
   679 | D:2      | Gained mutation: Your body sometimes deteriorates upon taking damage. [potion of mutation]
   679 | D:2      | Gained mutation: Your flesh is heat resistant. (rF+) [potion of mutation]
   679 | D:2      | Gained mutation: Your muscles are strong. (Str +2) [potion of mutation]
   729 | D:2      | Noticed Robin
   740 | D:2      | Killed Robin
   787 | D:2      | Noticed Natasha
   796 | D:2      | Killed Natasha
   796 | D:2      | Reached XP level 5. HP: 28/28 MP: 6/6
   806 | D:2      | Found a radiant altar of Vehumet.
  1164 | D:3      | Noticed Monsterracer's ghost (novice FoBe)
  1191 | D:3      | Killed Monsterracer's ghost
  1191 | D:3      | Reached skill level 4 in Axes
  1191 | D:3      | Reached skill level 1 in Dodging
  1191 | D:3      | Reached XP level 6. HP: 20/32 MP: 3/7
  1191 | D:3      | Reached XP level 7. HP: 23/36 MP: 3/8
  1257 | D:3      | Reached skill level 1 in Stealth
  1377 | D:3      | Reached skill level 5 in Axes
  1859 | D:4      | Found Viugi's Distillery.
  1968 | D:4      | Found a staircase to the Ecumenical Temple.
  2017 | Temple   | Entered the Ecumenical Temple
  2045 | Temple   | Became a worshipper of Warmaster Okawaru
  2235 | D:4      | Found a bloodstained altar of Trog.
  2245 | D:4      | Found a hide-covered altar of Uskayaw.
  2249 | D:4      | Found an opulent altar of Gozag.
  2250 | D:4      | Found a sacrificial altar of Ru.
  2388 | D:4      | Found a bloodstained altar of Trog.
  2552 | D:4      | Bought a potion of mutation for 80 gold pieces
  2552 | D:4      | Lost mutation: You have supernaturally acute eyesight. (SInv) [potion of mutation]
  2552 | D:4      | Lost mutation: Your muscles are strong. (Str +2) [potion of mutation]
  2552 | D:4      | Lost mutation: Your body sometimes deteriorates upon taking damage. [potion of mutation]
  2552 | D:4      | Gained mutation: You have a pair of small antennae on your head. [potion of mutation]
  2552 | D:4      | Gained mutation: You evolve. [potion of mutation]
  2552 | D:4      | Gained mutation: You are agile. (Dex +2) [potion of mutation]
  2589 | D:5      | Entered Level 5 of the Dungeon
  2673 | D:5      | Noticed a wyvern
  2679 | D:5      | Killed a wyvern
  2679 | D:5      | Reached skill level 6 in Axes
  2679 | D:5      | Gained mutation: You have razor-sharp teeth. [Vine Stalker growth]
  2679 | D:5      | Reached XP level 8. HP: 21/40 MP: 4/9
  2734 | D:5      | Noticed Ijyb
  2784 | D:5      | Killed Ijyb
  3101 | D:4      | Gained mutation: You have large cloven feet. [evolution]
  3114 | D:4      | Reached * piety under Okawaru
  3720 | D:6      | Reached skill level 7 in Axes
  3972 | D:6      | Found an opulent altar of Gozag.
  4052 | D:6      | Reached XP level 9. HP: 42/45 MP: 8/10
  4057 | D:6      | Reached ** piety under Okawaru
  4057 | D:6      | Reached skill level 5 in Armour
  4581 | D:7      | Found an ornate altar of the Wu Jian Council.
  4586 | D:7      | Found a shadowy altar of Dithmenos.
  4588 | D:7      | Found a glowing silver altar of Zin.
  4650 | D:7      | Reached skill level 5 in Shields
  4711 | D:7      | Noticed Menkaure
  4718 | D:7      | Killed Menkaure
  4827 | D:7      | Reached skill level 8 in Axes
  4971 | D:7      | Found a shimmering altar of Xom.
  4972 | D:7      | Found a hazy altar of Hepliaklqana.
  4972 | D:7      | Noticed a thorn hunter
  4973 | D:7      | Noticed a spectral ugly thing
  4973 | D:7      | Noticed a thorn hunter
  5421 | D:7      | Noticed Curus's ghost (novice MfTm)
  5462 | D:7      | Killed Curus's ghost
  5462 | D:7      | Reached *** piety under Okawaru
  5462 | D:7      | Reached skill level 9 in Axes
  5762 | D:8      | Reached XP level 10. HP: 48/51 MP: 11/11
  5824 | D:8      | Reached skill level 5 in Fighting
  6093 | D:8      | Found a sparkling altar of Nemelex Xobeh.
  6329 | D:8      | Noticed a two-headed ogre
  6334 | D:8      | Killed a two-headed ogre
  6334 | D:8      | Reached **** piety under Okawaru
  6368 | D:8      | Noticed an unseen horror
  6491 | D:8      | Reached skill level 10 in Axes
  6650 | D:8      | Noticed an anaconda
  6682 | D:8      | Gained mutation: You have a pair of antennae on your head. [evolution]
  6842 | D:8      | Noticed a wolf spider
  6919 | D:9      | Noticed a two-headed ogre
  6925 | D:9      | Killed a two-headed ogre
  6989 | D:9      | Noticed Psyche
  6994 | D:9      | Killed Psyche
  7117 | D:9      | Reached ***** piety under Okawaru
  7117 | D:9      | Reached XP level 11. HP: 51/56 MP: 14/14
  7788 | D:10     | Entered Level 10 of the Dungeon
  7859 | D:10     | Got an encrusted fustibalus
  7860 | D:10     | Identified the +7 fustibalus "Ecyumealol" {velocity, *Contam rElec rF++ MP+9} (You found it on level 10 of the Dungeon)
  8014 | D:10     | Received a gift from Okawaru
  8025 | D:10     | Found a staircase to the Lair.
  8318 | D:10     | Reached skill level 1 in Slings
  8430 | D:10     | Gained mutation: You are partially covered in thin metallic scales. (AC +2) [evolution]
  8791 | D:10     | Received a gift from Okawaru
  9063 | Lair:1   | Entered Level 1 of the Lair of Beasts
  9136 | Lair:1   | Reached skill level 1 in Throwing
  9717 | Lair:1   | Reached skill level 5 in Slings
 10202 | Lair:1   | Noticed Nergalle
 10219 | Lair:1   | Killed Nergalle
 10219 | Lair:1   | Reached skill level 1 in Invocations
 10219 | Lair:1   | Gained mutation: You heal very quickly. [Vine Stalker growth]
 10219 | Lair:1   | Reached XP level 12. HP: 62/62 MP: 15/15
 10461 | Lair:2   | Learned a level 3 spell: Regeneration
 10521 | Lair:2   | Found a dark tunnel.
 10537 | Volcano  | Entered a volcano
 10682 | Volcano  | Found a burning altar of Makhleb.
 10695 | Volcano  | Killed from afar by a gargoyle

Vault maps used:
D:1:      dpeg_arrival_orchard, interstate_on_off, minmay_pentomino_v2
D:2:      lemuel_coloured_pillars_altar, minmay_misc_feat_nine_boxes,
          nrook_mini_vaults, uniq_natasha, uniq_robin
D:4:      minitemple, temple_fountains, serial_shops, kennysheep_mini,
          trog_butcher_becter
D:5:      first_ration, grunt_decor_cap, uniq_ijyb
D:6:      basic_altar
D:7:      regret_index_temple_of_mockery, grunt_temple_overflow_open,
          nicolae_water_bricks, uniq_menkaure
D:8:      basic_altar, hangedman_little_slice_of_home, minivault_12
D:9:      uniq_psyche
D:10:     erik_lair_dragon
Temple:   nicolae_temple_hex_pool
Lair:1:   nicolae_quartered_pool_medium, beast_lair_carwin_2, uniq_nergalle
Lair:2:   elwin_shoals_entry_rooms, nicolae_spider_entry_tight_spaces,
          nicolae_volcano_entry_vermiform
Volcano:  volcano_grotto

Skill      XL: |  1  2  3  4  5  6  7  8  9 10 11 12 |
---------------+-------------------------------------+-----
Axes           | 2 3 4 6 7 9 10 | 10.5
Fighting       | 3 4 5 6 |  6.6
Shields        | 3 4 5 6 7 |  7.0
Armour         | 3 4 5 |  5.7
Dodging        | 1 2 3 4 |  4.2
Stealth        | 1 3 4 |  4.2
Evocations     | 3 |  3.5
Slings         | 6 |  6.8
Throwing       | 1 |  1.7
Invocations    | 1 |  1.0

Action                   |  1- 3 |  4- 6 |  7- 9 | 10-12 || total
-------------------------+-------+-------+-------+-------++-------
Melee: War axe           |    87 |    75 |   274 |   145 ||   581
       Bite              |    15 |    23 |    80 |    52 ||   170
       Hand axe          |       |       |     2 |       ||     2
       Kick              |       |       |    42 |    61 ||   103
 Fire: Fustibalus        |       |       |       |   263 ||   263
Throw: Tomahawk          |       |       |       |    10 ||    10
Invok: Heroism           |       |       |     1 |    10 ||    11
       Finesse           |       |       |       |     1 ||     1
Evoke: Wand              |       |       |       |    50 ||    50
  Use: Scroll            |       |     6 |     4 |     2 ||    12
       Potion            |       |     1 |     2 |       ||     3
 Stab: Sleeping          |       |       |       |     5 ||     5
       Paralysed         |       |       |       |     2 ||     2
  Eat: Chunk             |       |     1 |    13 |    14 ||    28
       Ration            |       |       |       |     1 ||     1
Armor: Scale mail        |    55 |    42 |    85 |    10 ||   192
       Steam dragon scal |       |       |       |    82 ||    82
Dodge: Dodged            |    29 |    26 |    71 |   149 ||   275
       Deflected         |       |       |       |     2 ||     2
Block: Shield            |    51 |    44 |   147 |   207 ||   449

Table legend:
 A = Spawn XP
 B = Non-spawn XP
 C = Spawn XP percentage of total XP
 D = Spawn monster count
 E = Non-spawn monster count
 F = Spawn count percentage of total count
 G = Total turns spent on level
                    A         B        C        D         E        F      G
               +---------+---------+-------+---------+---------+-------+---------
         Total |       0 |   20965 |   0.0 |       0 |     277 |   0.0 | 10695
               +---------+---------+-------+---------+---------+-------+---------
           D:1 |       0 |      51 |   0.0 |       0 |      29 |   0.0 |   487
           D:2 |       0 |     151 |   0.0 |       0 |      32 |   0.0 |   606
           D:3 |       0 |     522 |   0.0 |       0 |      24 |   0.0 |   632
           D:4 |       0 |     473 |   0.0 |       0 |      23 |   0.0 |   872
           D:5 |       0 |     693 |   0.0 |       0 |      19 |   0.0 |   934
           D:6 |       0 |     727 |   0.0 |       0 |      14 |   0.0 |   964
           D:7 |       0 |    2014 |   0.0 |       0 |      18 |   0.0 |  1208
           D:8 |       0 |    2589 |   0.0 |       0 |      36 |   0.0 |  1100
           D:9 |       0 |    2698 |   0.0 |       0 |      20 |   0.0 |   933
          D:10 |       0 |    2555 |   0.0 |       0 |      24 |   0.0 |  1275
        Lair:1 |       0 |    6097 |   0.0 |       0 |      26 |   0.0 |  1348
        Lair:2 |       0 |     959 |   0.0 |       0 |       4 |   0.0 |   126
       Volcano |       0 |    1436 |   0.0 |       0 |       8 |   0.0 |   158
               +---------+---------+-------+---------+---------+-------+---------
